 Dungeon Crawl Stone Soup version 0.18.1-50-g88ac8fd (webtiles) character file.

193 magog001 the Sneak (level 5, -18/26 HPs)
             Began as a Spriggan Assassin on May 21, 2017.
             Killed from afar by magog001's ghost (21 damage)
             ... with a stone arrow
             ... on level 3 of the Dungeon.
             The game lasted 00:23:17 (3416 turns).

magog001 the Sneak (Spriggan Assassin)              Turns: 3416, Time: 00:23:17

Health: -18/26     AC:  2    Str:  8    XL:     5   Next: 44%
Magic:  6/6        EV: 19    Int: 12    God:
Gold:   140        SH:  0    Dex: 18    Spells: 0 memorised, 4 levels left

rFire  . . .     SeeInvis +     a - +2 dagger
rCold  . . .     Gourm    .     c - +0 robe
rNeg   . . .     Faith    .     (shield restricted)
rPois  .         Spirit   .     (helmet restricted)
rElec  .         Dismiss  .     (no cloak)
rCorr  .         Reflect  .     (gloves unavailable)
SustAt .         Harm     .     (boots unavailable)
MR     .....                    (no amulet)
Stlth  ++++......               (no ring)
                                (no ring)

@: very quick, not resistant to hostile enchantments, stealthy
A: unfitting armour, see invisible, herbivore 3, speed 3, slow metabolism 2
a: no special abilities


You were on level 3 of the Dungeon.
You were not hungry.

You visited 1 branch of the dungeon, and saw 3 of its levels.

You collected 140 gold pieces.

Inventory:

Hand Weapons
 a - a +2 dagger (weapon)
 b - a +0 blowgun
 j - a cursed -2 whip
Missiles
 d - 4 tomahawks of returning (quivered)
Armour
 c - a +0 robe (worn)
Potions
 e - a potion of resistance
 h - a potion of lignification
 i - 2 potions of flight
 k - a potion of ambrosia {unknown}
Comestibles
 g - 2 bread rations
 o - 5 fruits


   Skills:
 + Level 1.7 Fighting
 + Level 2.4 Short Blades
 * Level 4.4 Throwing
 * Level 3.3 Dodging
 * Level 7.0 Stealth


You had 4 spell levels left.
You didn't know any spells.

Dungeon Overview and Level Annotations

Branches:
Dungeon (3/15)

Altars:

Annotations:
D:3 magog001's ghost, amateur SpEE


Innate Abilities, Weirdness & Mutations

You are tiny and cannot use many weapons and most armour.
You have supernaturally acute eyesight.
You are a herbivore.
You cover ground extremely quickly.
You need consume almost no food.


Message History

You miss magog001's ghost. You hit magog001's ghost.
Magog001's ghost is lightly damaged.
Magog001's ghost misses you.
You hit magog001's ghost but do no damage.
Magog001's ghost is lightly damaged.
Magog001's ghost misses you.
You closely miss magog001's ghost.
Magog001's ghost is lightly damaged.
Magog001's ghost points at you and mumbles some strange words.
The rocky blast hits you!
You completely miss magog001's ghost.
Magog001's ghost is lightly damaged.
Magog001's ghost hits you.
* * * LOW HITPOINT WARNING * * *
x2 Unknown command.
Magog001's ghost casts a spell at you. The stone arrow hits you!
Ouch! That really hurt!
You die...

###.### ##.# #.# #.†#
#.# #.## #.# .# #.# #.#
.# #.# #.# .# #.# #.#
.# #.#####.# .# ###
#.....@.# ##.## # ..#
#######.####...#.# #.#
#.W....#...#
#.############..###...#
#...............# #####
####.####.####.###.#
..........# #.# #.#
...#.###### #.# #.#
.....# #.# #.#


You could see magog001's ghost.

Vanquished Creatures
  7 gnolls
  6 adders
  3 worms
  A dart slug (D:1)
  An orc (D:3)
  A ball python (D:1)
  2 giant cockroaches (D:1)
  8 goblins
  8 hobgoblins
  2 jackals (D:1)
  11 kobolds
  5 bats
  2 giant newts
  5 rats
62 creatures vanquished.

Vanquished Creatures (others)
  An adder (D:2)
  A dart slug (D:2)
  A kobold (D:2)
  A goblin (D:2)
4 creatures vanquished.

Grand Total: 66 creatures vanquished

Notes
Turn   | Place    | Note
--------------------------------------------------------------
     0 | D:1      | magog001 the Spriggan Assassin began the quest for the Orb.
     0 | D:1      | Reached XP level 1. HP: 10/10 MP: 2/2
   385 | D:1      | Reached skill level 6 in Stealth
   587 | D:1      | Reached XP level 2. HP: 14/14 MP: 3/3
  1566 | D:2      | Reached XP level 3. HP: 11/18 MP: 4/4
  2327 | D:2      | Reached XP level 4. HP: 22/23 MP: 5/5
  3049 | D:3      | Reached XP level 5. HP: 26/26 MP: 6/6
  3052 | D:3      | Reached skill level 7 in Stealth
  3402 | D:3      | Noticed magog001's ghost (amateur SpEE)
  3416 | D:3      | Killed from afar by magog001's ghost

Skill      XL: |  1  2  3  4  5 |
---------------+----------------+-----
Stealth        | 6 7 |  7.0
Dodging        | 2 3 |  3.3
Throwing       | 3 4 |  4.4
Fighting       | |  1.7
Short Blades   | |  2.4

Action                   |  1- 3 |  4- 6 || total
-------------------------+-------+-------++-------
Melee: Dagger            |    56 |    19 ||    75
 Fire: Blowgun           |    77 |    58 ||   135
Throw: Tomahawk          |       |     1 ||     1
  Use: Scroll            |     3 |     4 ||     7
       Potion            |     4 |       ||     4
 Stab: Sleeping          |       |     1 ||     1
Armor: Robe              |     3 |     9 ||    12
Dodge: Dodged            |    59 |    34 ||    93
